 Dungeon Crawl Stone Soup version 0.31-a0-202-g547052bce9 (webtiles) character file.

Game seed: 7844573336963993697

905 qw the Skirmisher (level 7, -4/38 (40) HPs)
             Began as a Deep Elf Hunter on June 25, 2023.
             Slain by a wight
             ... wielding a +3 hand axe
              (8 damage)
             ... on level 6 of the Dungeon.
             The game lasted 00:01:15 (3019 turns).

qw the Skirmisher (Deep Elf Hunter)                 Turns: 3019, Time: 00:01:15

HP:   -4/38 (40)    AC:  5    Str: 10    XL:     7   Next: 80%
MP:   9/9           EV: 11    Int: 14    God:
Gold: 196           SH:  0    Dex: 18    Spells: 6/6 levels left

rFire   . . .        Y - +0 arbalest
rCold   . . .        (shield currently unavailable)
rNeg    . . .        j - +0 ring mail
rPois   +            (no helmet)
rElec   .            (no cloak)
rCorr   .            (no gloves)
SInv    .            (no boots)
Will    +....        (no amulet)
Stlth   +            h - ring of poison resistance
HPRegen 0.26/turn    k - ring of willpower
MPRegen 0.11/turn

%: no passive effects
@: about to teleport, drained
A: no striking features
a: no special abilities


You were on level 6 of the Dungeon.
You visited 1 branch of the dungeon, and saw 6 of its levels.

You collected 196 gold pieces.


   Skills:
 + Level 2.0 Fighting
 - Level 12.2 Ranged Weapons
 - Level 1.1 Armour
 - Level 3.0 Dodging
 - Level 1.2 Stealth


You had 6 spell levels left.
You didn't know any spells.
Your spell library was empty.

Inventory:

Hand Weapons
 Y - a +0 arbalest (weapon)
Armour
 j - a +0 ring mail (worn)
Jewellery
 a - a ring of positive energy
 h - a ring of poison resistance (left hand)
 k - a ring of willpower (right hand)
 l - a +6 ring of strength
Scrolls
 b - a scroll of identify
 d - a scroll of teleportation
Potions
 e - a potion of might
 f - a potion of curing {unknown}
 i - a potion of lignification {unknown}

Dungeon Overview and Level Annotations

Branches:
Dungeon (6/15)
 Temple: D:4-7

Altars:
Ashenzari
Sif Muna
Uskayaw
Vehumet
Wu Jian
Xom
Zin

Shops:
D:5 (


Message History

You destroy the wight!
You shoot a bolt. The bolt hits the wight.
You destroy the wight!
You shoot a bolt.
The bolt hits the wight but does no damage.
You shoot a bolt. The bolt completely misses the wight.
The bolt barely misses the wight.
You shoot a bolt.
The bolt hits the wight but does no damage.
The wight hits you but does no damage. The wight hits you with a +0 falchion.
You feel drained. The wight barely misses you.
You shoot a bolt. The bolt closely misses the wight.
The wight hits you but does no damage.
You shoot a bolt. The bolt hits the wight!!
You destroy the wight!
The wight hits you with a +3 hand axe. The wight barely misses you.
The wight closely misses you.
Your life force feels restored.
Your Ranged Weapons skill increases to level 12!
You shoot a bolt. The bolt hits the wight!
You destroy the wight!
The wight hits you with a +3 hand axe!
Your Armour skill increases to level 1!
You shoot a bolt. The bolt hits the wight!
The wight is severely damaged.
The wight closely misses you. The wight hits you with a +3 hand axe.
You feel drained.
You shoot a bolt.
The bolt hits the wight but does no damage.
The wight is severely damaged.
The wight hits you with a +3 hand axe!
You shoot a bolt. The bolt closely misses the wight.
The wight hits you with a +3 hand axe!
You feel drained.
3018 ||| READING 2 scrolls of teleportation.
As you read the scroll of teleportation, it crumbles to dust.
You feel strangely unstable. The wight completely misses you.
You shoot a bolt. The bolt closely misses the wight.
The wight hits you with a +3 hand axe!
You die...

..# ## ..#####.
.......# ......#
...... #)#.# ###
##z).#....
#.@).....#
######.........
#.............#
#.............#
#.............#
#.....##.######
##########........#
...............###..
...............# ..


You could see a wight.

Vanquished Creatures
  2 black bears (D:5)
  An ogre (D:4)
  A scorpion (D:5)
  4 wights (D:6)
  3 jellies
  An orc priest (D:4)
  A sleepcap (D:5)
  2 iguanas
  An orc wizard (D:5)
  3 gnolls (D:4)
  An adder (D:2)
  A shadow imp (D:6)
  4 worms (D:2)
  2 dart slugs
  5 orcs
  8 bats
  6 endoplasms
  13 giant cockroaches
  6 goblins
  6 hobgoblins
  3 jackals (D:1)
  8 kobolds
  4 quokkas
  9 ball pythons
  3 frilled lizards
  2 rats (D:1)
100 creatures vanquished.

Notes
Turn   | Place    | Note
-------+----------+-------------------------------------------
     0 | D:1      | qw the Deep Elf Hunter began the quest for the Orb.
     0 | D:1      | Reached XP level 1. HP: 12/12 MP: 3/3
     0 | D:1      | 0 ||| qw: Version: 0.3-a-22-g0ed2b0b
     0 | D:1      | 0 ||| qw: Game counter: 5735
     0 | D:1      | 0 ||| qw: Melee chars always use a shield: true
     0 | D:1      | 0 ||| qw: God list: Okawaru
     0 | D:1      | 0 ||| qw: Allow faded altars: false
     0 | D:1      | 0 ||| qw: Do Orc after clearing Dungeon:15 true
     0 | D:1      | 0 ||| qw: Do second Lair branch before Depths: true
     0 | D:1      | 0 ||| qw: Lair rune preference: random
     0 | D:1      | 0 ||| qw: Goals: Normal
     0 | D:1      | 0 ||| PLANNING D:1-11
    55 | D:1      | Reached XP level 2. HP: 16/16 MP: 4/4
    57 | D:1      | Reached skill level 6 in Ranged Weapons
    77 | D:1      | 77 ||| FLEEEEING.
   276 | D:1      | Reached XP level 3. HP: 20/20 MP: 5/5
   384 | D:1      | Found a shimmering altar of Xom.
   389 | D:1      | 389 ||| READING scroll labelled TUNAME GELEDO.
   390 | D:1      | 390 ||| READING scroll labelled INO LOAXZILAEH.
   391 | D:1      | 391 ||| DROPPING scroll of butterflies.
   519 | D:2      | Reached skill level 7 in Ranged Weapons
   838 | D:2      | Reached XP level 4. HP: 13/25 MP: 6/6
  1134 | D:2      | 1134 ||| UPGRADING to ring of positive energy.
  1135 | D:2      | 1135 ||| UPGRADING to +6 ring of strength.
  1136 | D:2      | 1136 ||| UPGRADING to ring of poison resistance.
  1138 | D:2      | 1138 ||| READING 2 scrolls labelled BUACOTEAQI.
  1142 | D:2      | 1142 ||| READING scroll labelled ZASEWK VUOP.
  1267 | D:3      | 1267 ||| SWAPPING to +0 arbalest.
  1268 | D:3      | 1268 ||| DROPPING +0 shortbow.
  1292 | D:3      | Found a hide-covered altar of Uskayaw.
  1401 | D:3      | Found a broken altar of Ashenzari.
  1590 | D:3      | 1590 ||| UPGRADING to +0 ring mail.
  1600 | D:3      | 1600 ||| DROPPING +0 leather armour.
  1601 | D:3      | 1601 ||| READING scroll labelled ATAGAL QIKKA.
  1671 | D:4      | Reached skill level 8 in Ranged Weapons
  1732 | D:4      | Reached XP level 5. HP: 29/29 MP: 7/7
  1784 | D:4      | Noticed an ogre
  1786 | D:4      | Killed an ogre
  1787 | D:4      | Reached skill level 9 in Ranged Weapons
  1787 | D:4      | Reached XP level 6. HP: 34/34 MP: 8/8
  1879 | D:4      | Found an ornate altar of the Wu Jian Council.
  2222 | D:4      | 2222 ||| FLEEEEING.
  2223 | D:4      | 2223 ||| FLEEEEING.
  2404 | D:5      | Entered Level 5 of the Dungeon
  2407 | D:5      | 2407 ||| STAIRDANCE
  2462 | D:5      | Reached skill level 3 in Dodging
  2504 | D:5      | Reached skill level 10 in Ranged Weapons
  2607 | D:5      | Reached XP level 7. HP: 40/40 MP: 9/9
  2691 | D:5      | Found Quclius's Weapon Boutique.
  2698 | D:5      | Reached skill level 11 in Ranged Weapons
  2730 | D:5      | Found a glowing silver altar of Zin.
  2730 | D:5      | Found a shimmering blue altar of Sif Muna.
  2793 | D:5      | Found a radiant altar of Vehumet.
  2932 | D:5      | 2932 ||| UPGRADING to ring of willpower.
  2934 | D:5      | 2934 ||| READING scroll labelled XEYLOS HUXO.
  2935 | D:5      | 2935 ||| READING 2 scrolls labelled ITTAMAXEBO.
  2936 | D:5      | 2936 ||| DRINKING 2 inky potions.
  2937 | D:5      | 2937 ||| READING 2 scrolls of identify.
  2937 | D:5      | 2937 ||| IDENTIFYING silvery potion
  2938 | D:5      | 2938 ||| DROPPING potion of invisibility.
  2939 | D:5      | 2939 ||| DROPPING scroll of amnesia.
  3014 | D:6      | Reached skill level 12 in Ranged Weapons
  3015 | D:6      | Reached skill level 1 in Armour
  3017 | D:6      | HP: 7/39 [wight/+3 hand axe (8)]
  3017 | D:6      | HP: 3/38 [wight/+3 hand axe (4)]
  3018 | D:6      | 3018 ||| READING 2 scrolls of teleportation.
  3019 | D:6      | Slain by a wight

Levels and vault maps discovered:
D:1:      dpeg_arrival_water_altar, layout_basic, minmay_tetromino_i4
D:2:      layout_basic, grunt_ministairs_14, kennysheep_generic_room_6
D:3:      minmay_roachtagon, layout_rooms, ashenzari_conservatory_becter,
          overflow_temple_1_default
D:4:      layout_basic, nzn_wu_jian_contemplation, serial_glass,
          glass_columns_b, glass_columns_a, corexii_checkpoint_a,
          chequers_serial_rivers_room_a, serial_bayou_pond_d
D:5:      layout_rooms, mainiacjoe_overflow_six_doors_small,
          gammafunk_temple_overflow_wave, serial_shops, nicolae_shop_stone
D:6:      layout_basic, overflow_temple_1_default,
          minmay_temple_entry_enclosed_plants, serial_shops, shop,
          uniq_menkaure, uniq_sigmund

Skill      XL: |  1  2  3  4  5  6  7 |
---------------+----------------------+-----
Ranged Weapons | 6 7 8 9 10 12 | 12.2
Fighting       | 2 |  2.0
Dodging        | 3 |  3.0
Armour         | 1 |  1.1
Stealth        | |  1.2

Action                     |  1- 3 |  4- 6 |  7- 9 || total
---------------------------+-------+-------+-------++-------
   Fire: Shortbow          |   118 |    30 |       ||   148
         Arbalest          |       |    68 |    31 ||    99
    Use: Scroll            |     2 |     3 |     4 ||     9
         Potion            |       |       |     1 ||     1
 Armour: Leather armour    |    15 |     2 |       ||    17
         Ring mail         |       |     2 |     5 ||     7
  Dodge: Dodged            |    18 |    11 |     7 ||    36

Table legend:
 A = Non-vault XP
 B = Vault XP
 C = Vault XP percentage of total XP
 D = Non-vault monster count
 E = Vault monster count
 F = Vault count percentage of total count
                 A         B        C        D         E       F
            +---------+---------+-------+---------+---------+-------
      Total |    1254 |      39 |   3.0 |      84 |      16 |  16.0
            +---------+---------+-------+---------+---------+-------
        D:1 |      42 |       3 |   6.7 |      27 |       2 |   6.9
        D:2 |      45 |      17 |  27.4 |      17 |       4 |  19.0
        D:3 |       9 |      16 |  64.0 |       7 |       8 |  53.3
        D:4 |     302 |       3 |   1.0 |      16 |       2 |  11.1
        D:5 |     503 |       0 |   0.0 |      11 |       0 |   0.0
        D:6 |     353 |       0 |   0.0 |       6 |       0 |   0.0
            +---------+---------+-------+---------+---------+-------
